[Event "German Bundesliga 2023-24"]
[Site "Germany"]
[Date "2024.02.04"]
[Round "8.10"]
[White "Donchenko, Alexander"]
[Black "Abel, Dennes"]
[Result "1/2-1/2"]
[ECO "E94"]
[WhiteElo "2664"]
[BlackElo "2404"]
[Annotator "TA"]
[PlyCount "89"]
[EventDate "2023.10.20"]
[EventType "team-tourn"]
[EventCountry "GER"]
[SourceTitle "playchess.com"]
[Source "ChessBase"]
[SourceQuality "1"]
[TimeControl "40/6000+30:3000+30"]

1. d4 Nf6 2. c4 g6 3. Nc3 Bg7 4. e4 d6 5. Be2 O-O 6. Nf3 Nbd7 7. O-O e5 8. Be3 Qe7 9. Qc2 c6 10. Rad1 h6 11. dxe5 {[%emt 0:04:45] White is more active.} dxe5 12. a3 Nh5 {[%emt 0:08:18] White is slightly better.} 13. Qc1 Nf4 14. Bxf4 exf4 15. Qxf4 Re8 16. Rfe1 h5 17. Qe3 Nc5 18. Nd4 (18. Nd2 $142) 18... Nxe4 $11 19. Bf3 {[%emt 0:01:49] [#]} Nxc3 20. Qxc3 Be6 {[%emt 0:01:39] Hoping for ...c5. This pair of bishops is nice.} 21. Qc1 Bxd4 22. Rxd4 Rad8 23. Qc3 Rxd4 24. Qxd4 a6 25. h4 (25. Qc3 $11) 25... Rd8 $1 $15 26. Qf4 Qc5 {[%emt 0:01:30] [#]} (26... Kg7 $15) 27. Rxe6 $1 $11 fxe6 {[%emt 0:00:44][%mdl 4096] Endgame. KQR-KQB} 28. Qf6 $1 Rf8 29. Qxg6+ Kh8 30. Qh6+ (30. Qxh5+ Qxh5 31. Bxh5 Rf4 $17) 30... Kg8 31. Qxe6+ (31. Qxh5 $2 Qxh5 32. Bxh5 Rf4 $19) 31... Kg7 32. b4 Qf5 33. Qe2 Qf4 34. Bxh5 {[%emt 0:00:49] aiming for g3.} Qc1+ 35. Kh2 {[%emt 0:00:29] Threatens to win with g3.} (35. Qd1 {simplifies} Qxd1+ 36. Bxd1 Rf4 37. g4) 35... Qf4+ 36. Kh3 Qf5+ 37. Bg4 Qxf2 38. Qe7+ Qf7 39. Qc5 Qf6 40. h5 ({White should try} 40. Qe3 $11) 40... Rf7 (40... Re8 $1 $15 41. Qa7 Kh6 42. Qxb7 Re3+ 43. Bf3 Qf5+ (43... Rxa3 44. Qd7 $11) 44. Kg3 Qe5+ 45. Kh3 (45. Kf2 $2 Qd4 $19) 45... Qxh5+ (45... Rxa3 $2 {is the wrong capture.} 46. Qxc6+ Kg7 47. Qg6+ Kh8 48. c5 $18) 46. Kg3 Qe5+ (46... Rxa3 47. Qxc6+ Kg7 48. Kf4 $11) 47. Kf2 Qd4 (47... Rxa3 48. Qxc6+ Kg5 49. Qc5 $11)) 41. b5 {[%emt 0:57:08] The position is equal.} cxb5 42. cxb5 b6 43. Qc4 axb5 44. Qxb5 Re7 45. a4 {[%emt 0:00:00] Weighted Error Value: White=0.12 (very precise) /Black=0.10 (very precise) .  Mistake:       	White=3     	Black=2      Inaccurate:     	White=1     	Black=1      OK:         	White=13    	Black=15     Best:        	White=1     	Black=1      Strong:       	---       	Black=1} 1/2-1/2

[Event "German Bundesliga 2023-24"]
[Site "Germany"]
[Date "2024.02.04"]
[Round "8.10"]
[White "Bjerre, Jonas Buhl"]
[Black "Nguyen, Thai Dai Van"]
[Result "1/2-1/2"]
[ECO "C48"]
[WhiteElo "2637"]
[BlackElo "2632"]
[Annotator "ChessBase"]
[PlyCount "80"]
[EventDate "2023.10.20"]
[EventType "team-tourn"]
[EventCountry "GER"]
[SourceTitle "playchess.com"]
[Source "ChessBase"]
[SourceQuality "1"]
[TimeControl "40/6000+30:3000+30"]

1. e4 e5 2. Nf3 Nc6 3. Bb5 Nf6 4. d3 Bc5 5. Nc3 d6 6. Na4 Bb6 7. c3 h6 8. h3 O-O 9. O-O Ne7 10. Nxb6 axb6 11. Ba4 Ng6 12. Bc2 Re8 13. Re1 b5 14. d4 Bd7 15. Nh2 c6 16. Nf1 Qc7 17. Ng3 Rad8 18. Be3 d5 19. exd5 Nxd5 20. Qf3 Nxe3 21. fxe3 exd4 22. exd4 Qf4 23. Qd3 Be6 24. Re4 Bc4 25. Rxf4 Bxd3 26. Rf2 Bxc2 27. Rxc2 b4 28. cxb4 Rxd4 29. a3 Nf4 30. Rf1 Re5 31. Rff2 h5 32. Rfd2 Rxd2 33. Rxd2 h4 34. Nf1 Rg5 35. Kh2 Re5 36. Kg1 Rg5 37. Kh2 Kf8 38. Ne3 Re5 39. Nc4 Re6 40. Nd6 b5 1/2-1/2

[Event "German Bundesliga 2023-24"]
[Site "Germany"]
[Date "2024.02.04"]
[Round "8.10"]
[White "Huschenbeth, Niclas"]
[Black "Mamedyarov, Shakhriyar"]
[Result "0-1"]
[ECO "C64"]
[WhiteElo "2605"]
[BlackElo "2734"]
[Annotator "TA"]
[PlyCount "76"]
[EventDate "2023.10.20"]
[EventType "team-tourn"]
[EventCountry "GER"]
[SourceTitle "playchess.com"]
[Source "ChessBase"]
[SourceQuality "1"]
[TimeControl "40/6000+30:3000+30"]

1. e4 e5 2. Nf3 Nc6 3. Bb5 a6 4. Ba4 Bc5 5. O-O Nge7 6. c3 (6. Nxe5 {keeps more tension.} Nxe5 7. d4 Nf3+ 8. Qxf3 Bxd4 9. Rd1) 6... Ng6 7. d4 Ba7 8. Re1 (8. Bg5 $5 f6 9. Be3 $14) 8... O-O {[%emt 0:01:53] White has an edge.} 9. Be3 Qf6 10. Bxc6 dxc6 11. Nxe5 Nxe5 12. dxe5 Qxe5 13. Bxa7 Rxa7 14. Nd2 Rd8 15. Qe2 Ra8 16. Nb3 Be6 17. Rad1 h6 18. Nd4 Bd7 19. Rd2 c5 20. Nf3 Qe7 21. Red1 Be6 22. Rxd8+ Rxd8 23. Rxd8+ Qxd8 $11 {[%emt 0:00:05][%mdl 4096] Endgame. KQB-KQN} 24. a3 a5 25. h3 b6 26. Qd2 Qe8 27. Qf4 Qb5 28. Qd2 Qe8 29. Qf4 Qc6 30. Qe3 Kf8 31. Qd3 Ke7 {[%emt 0:00:58] Prevents Qd8+} (31... Qd6 {simplifies} 32. Qxd6+ cxd6 33. Nd2 d5) 32. Ne5 (32. Nh2 {simplifies} Qd6 33. Qxd6+ cxd6 34. f4) 32... Qd6 33. f4 g5 34. Qxd6+ (34. Qe3 $11 {keeps the balance.}) 34... cxd6 $17 35. Nd3 {[%emt 0:00:31] [#] Loses the game.} (35. Nc6+ $17 Kd7 36. fxg5 hxg5 (36... Kxc6 $2 {loses.} 37. gxh6 f5 38. h7 $18) 37. Na7) 35... Bc4 $1 $19 36. Nf2 gxf4 37. Ng4 h5 38. Nf2 Ke6 {[%emt 0:00:37] Weighted Error Value: White=0.21 (precise) /Black=0.03 (flawless) .  Mistake:       	White=2     	---        Inaccurate:     	White=4     	---        OK:         	White=10    	Black=9      Strong:       	---       	Black=1} 0-1

[Event "German Bundesliga 2023-24"]
[Site "Germany"]
[Date "2024.02.04"]
[Round "8.10"]
[White "Pavlidis, Antonios"]
[Black "McShane, Luke J"]
[Result "1-0"]
[ECO "C67"]
[WhiteElo "2566"]
[BlackElo "2618"]
[Annotator "RC"]
[PlyCount "117"]
[EventDate "2023.10.20"]
[EventType "team-tourn"]
[EventCountry "GER"]
[SourceTitle "playchess.com"]
[Source "ChessBase"]
[SourceQuality "1"]
[TimeControl "40/6000+30:3000+30"]

1. e4 e5 2. Nf3 Nc6 3. Bb5 Nf6 4. O-O Nxe4 5. Re1 Nd6 6. Nxe5 Be7 7. Bf1 Nf5 8. c3 Nxe5 9. Rxe5 d6 10. Re1 O-O 11. d4 d5 12. Nd2 Bd6 13. Nf3 Nh4 14. Ne5 f6 15. Nd3 c6 16. Bf4 Bf5 17. Bxd6 Qxd6 18. g3 Ng6 19. Qh5 Bc8 20. a4 b6 21. a5 Be6 22. Bh3 Bf7 23. Qf5 Rfd8 24. b4 Nf8 25. Qf4 Qxf4 26. Nxf4 Re8 27. Rxe8 Rxe8 28. axb6 axb6 29. Bf1 Ne6 30. Nxe6 Bxe6 31. f3 Kf8 32. Kf2 b5 33. Bd3 h6 34. Ra6 Bd7 35. Bg6 Rc8 36. Ra7 Ke7 37. Ke3 Rd8 38. Kf4 Kd6 39. h4 Rf8 40. g4 Rg8 41. h5 Rf8 42. Rb7 Rd8 43. Bf5 Ke7 44. Rc7 Kd6 45. Ra7 Ke7 46. Bxd7 Rxd7 47. Ra6 Kd6 48. Kf5 Re7 49. f4 Re3 50. Ra7 Rxc3 51. Rxg7 Rc4 52. Rg6 Kc7 53. Rxh6 Rxb4 54. Rxf6 Rxd4 55. h6 Rd1 56. g5 Rh1 57. g6 Rh5+ 58. Ke6 Rxh6 59. g7 1-0

[Event "German Bundesliga 2023-24"]
[Site "Germany"]
[Date "2024.02.04"]
[Round "8.11"]
[White "Maghsoodloo, Parham"]
[Black "Santos Ruiz, Miguel"]
[Result "1/2-1/2"]
[ECO "A29"]
[WhiteElo "2707"]
[BlackElo "2593"]
[Annotator "TA"]
[PlyCount "93"]
[EventDate "2023.10.20"]
[EventType "team-tourn"]
[EventCountry "GER"]
[SourceTitle "playchess.com"]
[Source "ChessBase"]
[SourceQuality "1"]
[TimeControl "40/6000+30:3000+30"]

1. c4 e5 2. g3 Nf6 3. Bg2 d5 4. cxd5 Nxd5 5. Nf3 Nc6 6. O-O Nb6 7. Nc3 Be7 8. b3 Bf5 9. Bb2 O-O 10. d3 Qc8 {[%emt 0:09:35] The position is equal.} 11. a4 a5 12. Nb5 f6 (12... Bf6 $1 $11 {keeps the balance.}) 13. d4 $1 $16 Rd8 14. Qc1 exd4 15. Nfxd4 Nxd4 16. Nxd4 ({Better is} 16. Bxd4 $16 {[%cal Oc1e3] Threatens to win with Qe3!} c5 17. Bc3) 16... Bg6 $14 17. Rd1 Nd5 18. h4 Nb4 19. Kh2 c5 {[%emt 0:04:37] [#]} 20. Bh3 $1 Qc7 {[%emt 0:00:09] [#]} 21. Qc4+ $1 Bf7 22. Ne6 Qb6 23. Qg4 {[%emt 0:04:42][%csl Ge6][%cal Rg4g7] White is more active.} Qxe6 24. Qxe6 Bxe6 25. Bxe6+ Kf8 26. h5 Nc2 27. Rac1 {[%emt 0:00:46] Hoping for Rxd8+.} Nd4 28. Bc4 Rd6 29. Kg2 Rad8 30. Bc3 {[%emt 0:01:03] This pair of bishops is nice.} Nc6 31. Rxd6 Rxd6 32. Bd3 h6 33. f4 Nb4 34. Bb1 ({But not} 34. Bxb4 axb4 35. Kf3 (35. Rxc5 $2 {is the wrong capture.} Rxd3 36. Rc8+ Rd8 $19) 35... Rd4 $18) 34... b6 35. Kf3 Nc6 36. e3 Nb4 37. g4 Nd3 38. Rf1 Nb4 39. Ke2 {[%emt 0:00:30] White is clearly better.} Kg8 40. Bg6 Rd8 41. Bf5 Kf7 42. Bd2 Rd6 43. Rc1 Rd8 44. Rc4 Rd6 45. Re4 Ke8 46. Re6 c4 47. bxc4 {[%emt 0:00:30] Weighted Error Value: White=0.04 (flawless) /Black=0.08 (flawless) .  Mistake:       	White=2     	Black=1      Inaccurate:     	---       	Black=5      OK:         	White=17    	Black=13     Best:        	White=2     	Black=1      Strong:       	White=3     	---} (47. Bg6+ $142 Kf8 48. Rxd6 Bxd6 49. bxc4) 1/2-1/2

[Event "German Bundesliga 2023-24"]
[Site "Germany"]
[Date "2024.02.04"]
[Round "8.11"]
[White "Fridman, Daniel"]
[Black "Yuffa, Daniil"]
[Result "0-1"]
[ECO "A46"]
[WhiteElo "2588"]
[BlackElo "2601"]
[Annotator "RC"]
[PlyCount "106"]
[EventDate "2023.10.20"]
[EventType "team-tourn"]
[EventCountry "GER"]
[SourceTitle "playchess.com"]
[Source "ChessBase"]
[SourceQuality "1"]
[TimeControl "40/6000+30:3000+30"]

1. d4 Nf6 2. Nf3 e6 3. g3 b5 4. Bg2 Bb7 5. O-O c5 6. Bg5 cxd4 7. Bxf6 Qxf6 8. Nxd4 Bxg2 9. Kxg2 a6 10. c3 Bc5 11. Qd3 Bxd4 12. cxd4 Nc6 13. e3 Qg6 14. Rd1 Qxd3 15. Rxd3 Ke7 16. Nd2 Rhc8 17. Rc3 Nb4 18. a4 Nd5 19. Rc5 Rxc5 20. dxc5 Rb8 21. Ne4 bxa4 22. Nc3 Nxc3 23. bxc3 a5 24. Rxa4 Ra8 25. Kf3 Kd8 26. Ke4 Kc7 27. Kd4 Kc6 28. Kc4 f5 29. h4 h5 30. f3 g6 31. Ra3 a4 32. Kb4 Rb8+ 33. Kc4 Rb1 34. Rxa4 Rg1 35. f4 Rxg3 36. Ra8 Rxe3 37. Rc8+ Kb7 38. Rg8 Kc7 39. Rxg6 Kc6 40. Rg5 Re4+ 41. Kd3 Rxf4 42. Rxh5 Kxc5 43. Rh8 Kd5 44. h5 Rf3+ 45. Kd2 Ke4 46. Rh7 Rf2+ 47. Ke1 Rh2 48. Rxd7 Rxh5 49. c4 f4 50. Rd6 e5 51. c5 Ke3 52. Kd1 f3 53. c6 f2 0-1

[Event "German Bundesliga 2023-24"]
[Site "Germany"]
[Date "2024.02.04"]
[Round "8.11"]
[White "Efimenko, Zahar"]
[Black "Plat, Vojtech"]
[Result "1-0"]
[ECO "D76"]
[WhiteElo "2575"]
[BlackElo "2503"]
[Annotator "ChessBase"]
[PlyCount "91"]
[EventDate "2023.10.20"]
[EventType "team-tourn"]
[EventCountry "GER"]
[SourceTitle "playchess.com"]
[Source "ChessBase"]
[SourceQuality "1"]
[TimeControl "40/6000+30:3000+30"]

1. d4 Nf6 2. Nf3 g6 3. c4 Bg7 4. g3 O-O 5. Bg2 d5 6. cxd5 Nxd5 7. O-O Nb6 8. Nc3 Nc6 9. d5 Na5 10. Qc2 Nac4 11. Rd1 Bd7 12. e4 f5 13. Nd4 Nd6 14. Bf4 Nbc4 15. b3 Ne5 16. Rac1 Qe8 17. Qe2 c5 18. dxc6 Nxc6 19. Nxc6 Bxc6 20. e5 Nf7 21. Nd5 Bxd5 22. Bxd5 e6 23. Bxb7 Rd8 24. Rxd8 Qxd8 25. Rc8 Qd4 26. Rxf8+ Bxf8 27. Ba6 g5 28. Be3 Qa1+ 29. Kg2 Qxe5 30. Bc4 a5 31. Bb6 Qxe2 32. Bxe2 Bb4 33. Bc4 e5 34. Be6 f4 35. Kf3 Kg7 36. Ke4 h5 37. Bxf7 Kxf7 38. Kxe5 fxg3 39. fxg3 Kg6 40. h3 g4 41. hxg4 hxg4 42. Kf4 Kh5 43. Bc7 Bd2+ 44. Kf5 Bb4 45. a3 Be1 46. Bd6 1-0

[Event "German Bundesliga 2023-24"]
[Site "Germany"]
[Date "2024.02.04"]
[Round "8.11"]
[White "Lammers, Markus"]
[Black "Shirov, Alexei"]
[Result "0-1"]
[ECO "D13"]
[WhiteElo "2336"]
[BlackElo "2657"]
[Annotator "TA"]
[PlyCount "80"]
[EventDate "2023.10.20"]
[EventType "team-tourn"]
[EventCountry "GER"]
[SourceTitle "playchess.com"]
[Source "ChessBase"]
[SourceQuality "1"]
[TimeControl "40/6000+30:3000+30"]

1. d4 d5 2. c4 c6 3. cxd5 cxd5 4. Nc3 Nf6 5. Nf3 Nc6 6. Bf4 a6 7. e3 Bg4 8. h3 Bxf3 9. Qxf3 Qb6 10. Rb1 (10. Nxd5 $2 Nxd5 11. Bd3 (11. Qxd5 $2 Qxb2 12. Qb3 Qxa1+ $19) 11... Nxf4 (11... Qxb2 $2 12. O-O $19) 12. Qxf4 g6 $19 (12... Qxb2 $2 13. O-O $19)) 10... e6 11. Qd1 Qa5 {[%emt 0:06:49] The position is equal.} 12. Qb3 b5 13. Bd3 Be7 14. O-O O-O 15. Rfc1 Rfc8 16. a4 Nb4 17. Bf1 Ne4 18. Ra1 (18. Nxe4 {simplifies} dxe4 19. Rxc8+ Rxc8 20. axb5 axb5 21. Qd1) 18... Nd2 {[%emt 0:04:22] A dynamic duo of knights.} 19. Qd1 Nxf1 20. Qxf1 bxa4 21. Rxa4 Qb6 22. Qe2 Rc4 23. Raa1 Rac8 24. Qd1 Qb7 25. Bg3 g6 26. Qb3 h5 27. Ne2 h4 28. Bf4 Rc2 29. Nc3 Rd2 30. Na2 (30. Be5 {seems wilder.} Qd7 31. Bf6 Nd3 32. Rc2) 30... Rc4 31. Rc3 (31. Rxc4 $2 dxc4 32. Qxc4 Nd3 $19 (32... Rxb2 33. Nxb4 Rxb4 34. Qxa6 $14)) (31. Rd1 $11 {remains equal.} Rxd1+ 32. Rxd1) 31... Qb5 $17 {[%emt 0:09:27] Black has more active pieces.} 32. Nxb4 Rxb4 33. Rc8+ Kg7 34. Qa3 {[%emt 0:01:10] [#]} Rxf2 35. Qxa6 $2 {[%emt 0:01:25][%mdl 8192] [#] This costs White the game.} (35. Be5+ $11 f6 36. Rc7) 35... Rf1+ $3 $19 36. Kh2 (36. Rxf1 Qxa6) 36... Qxa6 (36... Rxb2 $2 {too greedy.} 37. Qxb5 Rxb5 38. Rxf1 $18) 37. Rxa6 Rxb2 {[%emt 0:00:05] ( -> ...Rbb1)} 38. Be5+ Bf6 39. Bxf6+ Kxf6 40. Rh8 Kg5 {[%emt 0:00:34] Weighted Error Value: White=0.56/Black=0.07 (flawless) .  Loses game:     	White=1     	---        Mistake:       	White=1     	Black=1      Inaccurate:     	White=2     	---        OK:         	White=11    	Black=11     Best:        	---       	Black=3      Brilliant:      	---       	Black=1} (40... g5 $142 41. Rb8 Rxb8 42. Ra2 Rbb1 43. g4 Rh1+ 44. Kg2 Rbg1+ 45. Kf2 Rg3 (45... Rf1+ $2 46. Kg2 $19) 46. Re2 Rgxh3 (46... Rhxh3 {gets mated.} 47. Ke1 Rxe3 48. Kf2 Rxe2+ 49. Kxe2 Ra3 50. Kf2 Rg3 51. Kf1 h3 52. Kf2 Rg2+ 53. Kf3 Rb2 54. Ke3 h2 55. Kd3 h1=Q 56. Kc3 Qc1+ 57. Kd3 Qd2#) (46... Rh2+ {is a self mate.} 47. Ke1 Rxe2+ 48. Kxe2 Rxh3 49. Kf1 Rh2 50. Kg1 Ra2 51. Kh1 h3 52. Kg1 Rg2+ 53. Kh1 Kg6 54. e4 dxe4 55. d5 e3 56. dxe6 e2 57. exf7 e1=Q#) 47. e4 R1h2+ 48. Ke1 dxe4 49. d5 Rxe2+ (49... exd5 50. Rf2+ Rxf2 51. Kxf2 Rf3+ 52. Kg1 h3 53. Kh2 e3 54. Kh1 e2 55. Kh2 Rf2+ 56. Kxh3 e1=Q 57. Kg3 Qe3#) 50. Kxe2 exd5 51. Kf2 d4 52. Ke2 Rh2+ 53. Kf1 e3 54. Ke1 h3 55. Kf1 Rg2 56. Ke1 h2 57. Kf1 h1=Q#) 0-1

[Event "German Bundesliga 2023-24"]
[Site "Germany"]
[Date "2024.02.04"]
[Round "8.12"]
[White "Wojtaszek, Radoslaw"]
[Black "Schulze, Torben"]
[Result "1-0"]
[ECO "A61"]
[WhiteElo "2668"]
[BlackElo "2325"]
[Annotator "TA"]
[PlyCount "83"]
[EventDate "2023.10.20"]
[EventType "team-tourn"]
[EventCountry "GER"]
[SourceTitle "playchess.com"]
[Source "ChessBase"]
[SourceQuality "1"]
[TimeControl "40/6000+30:3000+30"]

1. d4 Nf6 2. c4 c5 3. d5 e6 4. Nc3 exd5 5. cxd5 d6 6. Nf3 g6 7. Bf4 a6 8. a4 Bg7 9. h3 O-O 10. e3 Ne8 11. Be2 b6 12. O-O Nd7 {[%emt 0:00:19] White is slightly better.} 13. e4 Ne5 14. Nxe5 Bxe5 15. Qd2 Ra7 (15... Bxf4 $11 {is superior.} 16. Qxf4 f5) 16. Rae1 (16. Bxe5 $14 dxe5 17. Qe3) 16... f5 (16... Bxf4 $11 17. Qxf4 f5) 17. Bxe5 $16 dxe5 18. f4 Re7 19. exf5 gxf5 20. fxe5 Rxe5 21. Qf4 $36 {[%emt 0:02:11][%mdl 2048] White fights for an advantage.} Qf6 22. Bd3 {[%emt 0:02:41] White leaves nothing to chance now.} Rxe1 23. Rxe1 Nd6 {[%emt 0:01:13] [#]} 24. Kh1 $1 {[%emt 0:00:06][%cal Od3a6,Bg1h1,Bh1h2,Bh2g3,Bg3f4][%mdl 32] White is much more active.} Re8 25. Rxe8+ Nxe8 26. Qb8 Qg5 27. Kh2 Qe3 (27... Bd7 $16 28. Bxa6 Kf7) 28. Be2 Bd7 {[%emt 0:01:23] [#]} 29. Qg3+ $1 ({Resist} 29. Qxb6 Bxa4 30. Bxa6 (30. Nxa4 Qe5+ 31. Kg1 Qxe2 $14) 30... Qe5+ 31. g3 Qe3) 29... Qxg3+ 30. Kxg3 $18 {[%emt 0:00:03][%mdl 4096] Endgame. KBN-KBN} Kg7 31. Kf4 Kf6 32. Bxa6 {[%emt 0:00:29] aiming for Bb5.} Nd6 33. b3 h6 (33... Nf7 $142 34. Nb5 c4) 34. Bd3 Be8 (34... Nf7 $142 35. Bb5 Bxb5 36. Nxb5 Ne5) 35. g3 (35. Nb5 $142 Bxb5 36. Bxb5) 35... Bd7 $2 (35... Bf7 {keeps fighting.} 36. Bc2 Be8) 36. h4 Be8 (36... Nf7 $142 37. Bb5 Ne5 38. Bxd7 Nxd7) 37. Bxf5 Nxf5 (37... h5 $142 38. Bd3 Bf7) 38. Ne4+ Kg6 {[%emt 0:00:29] [#]} 39. h5+ $1 Kxh5 (39... Kf7 40. Kxf5) 40. Kxf5 Bg6+ 41. Kf4 b5 42. Nf6# {[%emt 0:00:28] Weighted Error Value: White=0.19 (very precise) /Black=0.65.  Mistake:       	White=2     	Black=9      Inaccurate:     	White=2     	Black=4      OK:         	White=8     	Black=6      Best:        	White=4     	Black=1      Strong:       	White=1     	---} 1-0

[Event "German Bundesliga 2023-24"]
[Site "Germany"]
[Date "2024.02.04"]
[Round "8.12"]
[White "Dragnev, Valentin"]
[Black "Anton Guijarro, David"]
[Result "1/2-1/2"]
[ECO "D41"]
[WhiteElo "2586"]
[BlackElo "2653"]
[Annotator "RC"]
[PlyCount "94"]
[EventDate "2023.10.20"]
[EventType "team-tourn"]
[EventCountry "GER"]
[SourceTitle "playchess.com"]
[Source "ChessBase"]
[SourceQuality "1"]
[TimeControl "40/6000+30:3000+30"]

1. Nf3 d5 2. e3 Nf6 3. c4 c5 4. cxd5 Nxd5 5. Nc3 e6 6. Bc4 Be7 7. O-O O-O 8. Qe2 Nc6 9. d4 cxd4 10. exd4 Nb6 11. Rd1 Nxc4 12. Qxc4 Nb4 13. Bf4 Bd7 14. a3 Nd5 15. Nxd5 exd5 16. Qxd5 Bc6 17. Qb3 Bd5 18. Qd3 Rc8 19. Ne5 Bd6 20. Bg3 Re8 21. Rd2 h5 22. h4 Be7 23. Qf5 Bxh4 24. Bxh4 Qxh4 25. Nf3 Qd8 26. Qxh5 Rc6 27. Qg5 Qxg5 28. Nxg5 Rg6 29. f4 f6 30. Nh3 Re3 31. Kh2 Rgg3 32. Kg1 Rg4 33. Kh2 Rgg3 34. Kg1 Rd3 35. Rxd3 Rxd3 36. Rf1 Rxd4 37. Rf2 Kh7 38. Kh2 Be6 39. Ng1 Kg6 40. Ne2 Rd5 41. Ng3 Bd7 42. Nf1 Rd3 43. Rd2 Rxd2 44. Nxd2 Kf5 45. g3 Ke6 46. Kg2 Kd5 47. Kf2 Bf5 1/2-1/2

[Event "German Bundesliga 2023-24"]
[Site "Germany"]
[Date "2024.02.04"]
[Round "8.12"]
[White "Teclaf, Pawel"]
[Black "Tregubov, Pavel V."]
[Result "1/2-1/2"]
[ECO "E33"]
[WhiteElo "2571"]
[BlackElo "2567"]
[Annotator "RC"]
[PlyCount "57"]
[EventDate "2023.10.20"]
[EventType "team-tourn"]
[EventCountry "GER"]
[SourceTitle "playchess.com"]
[Source "ChessBase"]
[SourceQuality "1"]
[TimeControl "40/6000+30:3000+30"]

1. Nf3 Nf6 2. c4 Nc6 3. d4 e6 4. Nc3 Bb4 5. Qc2 d6 6. a3 Bxc3+ 7. Qxc3 O-O 8. b4 e5 9. dxe5 Nxe5 10. Nxe5 dxe5 11. Bb2 Re8 12. g3 Ne4 13. Qe3 Nd6 14. Rd1 Qf6 15. Qc1 Be6 16. Bg2 Nxc4 17. Bxb7 Rab8 18. Bc6 Rec8 19. O-O Nxb2 20. Qxb2 Bh3 21. Bd7 Bxf1 22. Bxc8 Bxe2 23. Qxe5 Rxc8 24. Qxe2 h6 25. Qc4 Rd8 26. Rc1 Rd2 27. Qc5 a6 28. Qe3 Qd8 29. Re1 1/2-1/2

[Event "German Bundesliga 2023-24"]
[Site "Germany"]
[Date "2024.02.04"]
[Round "8.12"]
[White "Burg, Twan"]
[Black "Van Foreest, Lucas"]
[Result "1/2-1/2"]
[ECO "C47"]
[WhiteElo "2530"]
[BlackElo "2540"]
[Annotator "RC"]
[PlyCount "40"]
[EventDate "2023.10.20"]
[EventType "team-tourn"]
[EventCountry "GER"]
[SourceTitle "playchess.com"]
[Source "ChessBase"]
[SourceQuality "1"]
[TimeControl "40/6000+30:3000+30"]

1. e4 e5 2. Nf3 Nc6 3. Nc3 Nf6 4. d4 exd4 5. Nxd4 Bb4 6. Nxc6 bxc6 7. Bd3 O-O 8. O-O d5 9. Bd2 Bxc3 10. Bxc3 dxe4 11. Bxf6 Qxf6 12. Bxe4 Qxb2 13. Bxc6 Rb8 14. Rb1 Qxb1 15. Qxb1 Rxb1 16. Rxb1 Rd8 17. h4 Kf8 18. Rb8 Ke7 19. Bf3 Ba6 20. Rb3 Rd6 1/2-1/2

[Event "German Bundesliga 2023-24"]
[Site "Germany"]
[Date "2024.02.04"]
[Round "8.13"]
[White "Cheng, Bobby"]
[Black "Swinkels, Robin"]
[Result "1/2-1/2"]
[ECO "E04"]
[WhiteElo "2572"]
[BlackElo "2515"]
[Annotator "RC"]
[PlyCount "43"]
[EventDate "2023.10.20"]
[EventType "team-tourn"]
[EventCountry "GER"]
[SourceTitle "playchess.com"]
[Source "ChessBase"]
[SourceQuality "1"]
[TimeControl "40/6000+30:3000+30"]

1. d4 d5 2. c4 e6 3. Nf3 Nf6 4. g3 dxc4 5. Bg2 c5 6. O-O Nc6 7. Ne5 Bd7 8. Nxc4 cxd4 9. Bf4 Be7 10. Nd6+ Kf8 11. Nxb7 Qb6 12. Nd6 Qc5 13. Ne4 Nxe4 14. Bxe4 e5 15. Bd2 f5 16. Bg2 Rd8 17. e4 dxe3 18. Bxe3 Nd4 19. Bxd4 Qxd4 20. Qxd4 exd4 21. Nd2 Be6 22. Nf3 1/2-1/2

[Event "German Bundesliga 2023-24"]
[Site "Germany"]
[Date "2024.02.04"]
[Round "8.13"]
[White "Hausrath, Daniel"]
[Black "Gumularz, Szymon"]
[Result "1/2-1/2"]
[ECO "D02"]
[WhiteElo "2462"]
[BlackElo "2580"]
[Annotator "RC"]
[PlyCount "72"]
[EventDate "2023.10.20"]
[EventType "team-tourn"]
[EventCountry "GER"]
[SourceTitle "playchess.com"]
[Source "ChessBase"]
[SourceQuality "1"]
[TimeControl "40/6000+30:3000+30"]

1. Nf3 d5 2. g3 Nd7 3. d4 Nb6 4. Nbd2 Bf5 5. Nh4 Bg4 6. h3 Bh5 7. Ng2 e5 8. dxe5 Qe7 9. Nf4 Qxe5 10. Nxh5 Qxh5 11. Bg2 Nf6 12. O-O Bc5 13. e4 Qxd1 14. Rxd1 O-O-O 15. Nb3 Be7 16. exd5 Nfxd5 17. c3 Nf6 18. Re1 Rhe8 19. Na5 c6 20. h4 Ng4 21. Bh3 f5 22. Be3 Bf6 23. Bxb6 axb6 24. Bxg4 fxg4 25. Rxe8 Rxe8 26. Nc4 Kc7 27. Kf1 b5 28. Ne3 h5 29. Re1 Re5 30. Ng2 Rxe1+ 31. Kxe1 g5 32. Ke2 Kd6 33. hxg5 Bxg5 34. b3 Ke5 35. Kd3 Bh6 36. Nh4 Kf6 1/2-1/2

[Event "German Bundesliga 2023-24"]
[Site "Germany"]
[Date "2024.02.04"]
[Round "8.13"]
[White "Hoeffer, David"]
[Black "Kasimdzhanov, Rustam"]
[Result "1/2-1/2"]
[ECO "D00"]
[WhiteElo "2323"]
[BlackElo "2679"]
[Annotator "TA"]
[PlyCount "40"]
[EventDate "2023.10.20"]
[EventType "team-tourn"]
[EventCountry "GER"]
[SourceTitle "playchess.com"]
[Source "ChessBase"]
[SourceQuality "1"]
[TimeControl "40/6000+30:3000+30"]

1. d4 Nf6 2. Nc3 d5 3. Bf4 e6 4. Nb5 Na6 5. e3 Ne4 6. f3 Nd6 7. Nxd6+ Bxd6 8. Bxa6 {[%emt 0:00:58] The position is equal.} Bxf4 9. Bb5+ c6 10. Bxc6+ bxc6 11. exf4 Qb6 12. b3 Ba6 13. Ne2 O-O 14. c3 (14. Nc3 $14) 14... c5 15. dxc5 Qxc5 16. Qd4 Qa3 17. Qd2 Bxe2 18. Kxe2 Rac8 {[%emt 0:07:38] White is slightly better.} 19. Rhc1 Rc6 20. Rc2 Rfc8 {[%emt 0:00:19] Weighted Error Value: White=0.09 (flawless) /Black=0.16 (very precise) .  Mistake:       	White=1     	---        Inaccurate:     	---       	Black=3      OK:         	White=10    	Black=2      Best:        	---       	Black=1} 1/2-1/2